 Dungeon Crawl Stone Soup version 0.20-a0-331-g5b3579f (webtiles) character file.

1354 dondy the Carver (level 8, 0/58 HPs)
             Began as a Demonspawn Abyssal Knight on Dec 21, 2016.
             Was a Priest of Lugonu.
             Slain by a slave (6 damage)
             ... led by Pikel
             ... on level 3 of the Dungeon.
             The game lasted 00:18:31 (6762 turns).

dondy the Carver (Demonspawn Abyssal Knight)        Turns: 6762, Time: 00:18:31

Health: 0/58       AC: 10    Str: 15    XL:     8   Next: 37%
Magic:  10/10      EV: 15    Int: 14    God:    Lugonu [***...]
Gold:   237        SH:  0    Dex: 12    Spells: 7/7 levels left

rFire  + . .     SeeInvis .     a - +1 falchion
rCold  + . .     Gourm    .     B - +3 leather armour {rC+}
rNeg   . . .     Faith    .     (no shield)
rPois  .         Spirit   .     (no helmet)
rElec  .         Reflect  .     t - +1 cloak
rCorr  .         Harm     .     b - +0 pair of gloves
MR     .....                    s - +0 pair of boots
Stlth  +.........               (no amulet)
                                D - ring of protection from fire
                                g - ring of flight

@: very slightly contaminated, repel missiles
A: hooves 1, repulsion field 3, powered by death 1, rot immunity
a: Depart the Abyss, Bend Space, Banish, Renounce Religion, Evoke Flight


You were on level 3 of the Dungeon.
You worshipped Lugonu.
Lugonu was most pleased with you.
You were not hungry.

You visited 1 branch of the dungeon, and saw 5 of its levels.
You visited the Abyss 1 time.

You collected 237 gold pieces.

Inventory:

Hand Weapons
 a - a +1 falchion (weapon)
Missiles
 y - 2 javelins (quivered)
Armour
 b - a +0 pair of gloves (worn)
 s - a +0 pair of boots (worn)
 t - a +1 cloak (worn)
 A - a +1 robe of resistance
 B - a +3 leather armour of cold resistance (worn)
Jewellery
 g - a ring of flight (left hand)
 D - a ring of protection from fire (right hand)
Wands
 o - a wand of polymorph (9/24)
 w - a wand of polymorph (10/24)
Scrolls
 f - 2 scrolls of remove curse
 j - 2 scrolls of enchant armour {unknown}
 m - a scroll of enchant weapon {unknown}
 n - 4 scrolls of identify {unknown}
 p - a scroll of magic mapping {unknown}
 q - a scroll of noise {unknown}
 u - a scroll of immolation {unknown}
 v - 2 scrolls of recharging {unknown}
 x - a scroll of teleportation {unknown}
 C - a scroll of fear {unknown}
Potions
 d - a potion of mutation {unknown}
 e - a potion of invisibility {unknown}
 h - 4 potions of curing
 i - a potion of haste
 l - a potion of flight {unknown}
 r - a potion of resistance {unknown}
 E - a potion of cure mutation {unknown}
 F - a potion of heal wounds
 H - 2 potions of berserk rage {unknown}
Books
 G - a book of Battle

   Spells                             Type                      Level
   a - Infusion                       Charms                       1
   b - Shroud of Golubria             Charms/Translocation         2
   c - Song of Slaying                Charms                       2
   d - Spectral Weapon                Hexes/Charms                 3
   e - Regeneration                   Charms/Necromancy            3
Comestibles
 c - 3 bread rations
 z - 2 meat rations


   Skills:
 - Level 3.0 Fighting
 + Level 9.4 Long Blades
 - Level 1.7 Armour
 - Level 0.8 Dodging
 + Level 3.4 Invocations


You had 7 spell levels left.
You didn't know any spells.

Dungeon Overview and Level Annotations

Branches:
Dungeon (5/15)
 Temple: D:4-7

Altars:
Cheibriados
Dithmenos

Annotations:
D:4 Pikel


Innate Abilities, Weirdness & Mutations

You have large cloven feet.
You are surrounded by a strong repulsion field. (EV +4, RMsl)
You regenerate a little health from kills.
You are immune to rotting.


Message History

You hit the slave.
The slave is heavily wounded.
The slave hits you!
* * * LOW HITPOINT WARNING * * *
You barely miss the slave.
The slave is heavily wounded.
The slave misses you.
You closely miss the slave.
The slave is heavily wounded.
Okay, then.
You hit the slave.
The slave is severely wounded.
The slave hits you but does no damage.
You hit the slave.
The slave is severely wounded.
The slave barely misses you.
You closely miss the slave.
The slave is severely wounded.
The slave hits you.
You die...

################.#
.................#
################.#
#.# #.# #.#
############# #.#
##...........# #.#
#......#####.# #@#
#......# #.# #p#
#......#####.###r#
................>#
##.#########.###.#
..........##.# #.#
...######.##.# #.#
#### ###.##.# #.#
..# #....#.###.#


You could see a slave and a quokka.

Vanquished Creatures
  Grinder (D:4)
  Sigmund (D:5)
  Edmund (D:4)
  2 slaves
  An ogre (D:4)
  A phantom (D:5)
  A centaur (D:5)
  Blork the orc (D:4)
  A crimson imp (D:5)
  A bullfrog zombie (D:4)
  A bullfrog skeleton (D:5)
  4 orc wizards (D:4)
  4 worker ants
  Natasha (thrice) (D:4)
  3 gnolls
  7 adders
  A shadow imp (D:5)
  An adder skeleton (D:5)
  A worm (D:3)
  2 dart slugs
  7 leopard geckos
  13 orcs
  2 ball pythons
  4 giant cockroaches
  3 goblins
  3 hobgoblins
  4 jackals (D:4)
  8 kobolds
  3 quokkas
  5 bats
  3 frilled lizards
  A giant cockroach zombie (D:5)
  4 rats
98 creatures vanquished.

Notes
Turn   | Place    | Note
-------+----------+-------------------------------------------
     0 | Abyss:1  | dondy the Demonspawn Abyssal Knight began the quest for the Orb.
     0 | Abyss:1  | Reached XP level 1. HP: 18/18 MP: 2/2
    27 | D:1      | Escaped the Abyss
    48 | D:1      | Reached skill level 2 in Long Blades
   340 | D:1      | Gained mutation: You are surrounded by a mild repulsion field. (EV +2) [demonic ancestry]
   340 | D:1      | Reached XP level 2. HP: 24/24 MP: 3/3
   973 | D:1      | Reached skill level 3 in Long Blades
  1081 | D:2      | Reached XP level 3. HP: 29/29 MP: 4/4
  1809 | D:3      | Reached ** piety under Lugonu
  2051 | D:3      | Reached skill level 4 in Long Blades
  2051 | D:3      | Gained mutation: You regenerate a little health from kills. [demonic ancestry]
  2051 | D:3      | Reached XP level 4. HP: 35/35 MP: 5/5
  2730 | D:4      | Gained mutation: You are surrounded by a moderate repulsion field. (EV +3) [demonic ancestry]
  2730 | D:4      | Reached XP level 5. HP: 26/41 MP: 6/6
  2885 | D:4      | Noticed Pikel
  2885 | D:4      | Noticed a slave
  2935 | D:3      | Killed a slave
  3108 | D:4      | Noticed a slave
  3200 | D:3      | Reached skill level 5 in Long Blades
  3770 | D:4      | Noticed Grinder
  3780 | D:4      | Paralysed by Grinder for 6 turns
  3792 | D:4      | Paralysed by Grinder for 5 turns
  3806 | D:4      | Paralysed by Grinder for 2 turns
  3809 | D:4      | Killed Grinder
  3809 | D:4      | Reached skill level 6 in Long Blades
  3809 | D:4      | Gained mutation: You have large cloven feet. [demonic ancestry]
  3809 | D:4      | Reached XP level 6. HP: 6/47 MP: 7/7
  4377 | D:4      | Noticed Natasha
  4387 | D:4      | Killed Natasha
  4387 | D:4      | Reached skill level 7 in Long Blades
  4404 | D:4      | Noticed Natasha
  4413 | D:4      | Killed Natasha
  4413 | D:4      | Gained mutation: You are immune to rotting. [demonic ancestry]
  4413 | D:4      | Reached XP level 7. HP: 44/52 MP: 8/8
  4758 | D:4      | Noticed Natasha
  4779 | D:4      | Killed Natasha
  5084 | D:5      | Entered Level 5 of the Dungeon
  5084 | D:5      | Noticed Blork the orc
  5084 | D:5      | Noticed Edmund
  5180 | D:4      | Killed Edmund
  5430 | D:4      | Killed Blork the orc
  5474 | D:4      | Reached skill level 8 in Long Blades
  5684 | D:5      | Found a shadowy altar of Dithmenos.
  6117 | D:5      | Found a snail-covered altar of Cheibriados.
  6135 | D:5      | Gained mutation: You are surrounded by a strong repulsion field. (EV +4, RMsl) [demonic ancestry]
  6135 | D:5      | Reached XP level 8. HP: 49/58 MP: 9/9
  6173 | D:5      | Noticed Sigmund
  6182 | D:5      | Reached *** piety under Lugonu
  6303 | D:5      | Killed Sigmund
  6303 | D:5      | Reached skill level 9 in Long Blades
  6762 | D:3      | Slain by a slave

Vault maps used:
D:1:      saegor_arrival_simple_a
D:3:      kennysheep_generic_room_3
D:4:      first_bread, uniq_grinder, uniq_natasha, uniq_pikel
D:5:      cheibriados_altar_1, grunt_dithmenos_shadows, uniq_blork_the_orc,
          uniq_sigmund, uniq_edmund

Skill      XL: |  1  2  3  4  5  6  7  8 |
---------------+-------------------------+-----
Long Blades    | 2 3 4 6 7 8 9 |  9.4
Invocations    | 3 |  3.4
Fighting       | |  3.0
Armour         | |  1.7
Dodging        | |  0.8

Action                   |  1- 3 |  4- 6 |  7- 9 || total
-------------------------+-------+-------+-------++-------
Melee: Falchion          |    95 |   192 |   350 ||   637
Throw: Javelin           |       |     6 |     8 ||    14
Invok: Bend Space        |       |     2 |       ||     2
  Use: Scroll            |       |       |     1 ||     1
       Potion            |       |       |     2 ||     2
  Eat: Chunk             |     4 |     6 |     6 ||    16
       Pizza             |       |     1 |       ||     1
       Fruit             |       |       |     2 ||     2
Armor: Leather armour    |     8 |       |    54 ||    62
       Ring mail         |    31 |    90 |    33 ||   154
Dodge: Dodged            |    63 |    89 |   192 ||   344
       Rpst.: Falchion   |    18 |    29 |    70 ||   117
